 Dungeon Crawl Stone Soup version 0.17-a0-1409-ge6d9485 (webtiles) character file.

501 urechis the Spear-Bearer (level 7, -2/50 HPs)
             Began as a Merfolk Skald on June 22, 2015.
             Slain by Edmund
             ... wielding a +4 flail of protection
              (6 damage)
             ... on level 4 of the Dungeon.
             The game lasted 00:17:41 (6610 turns).

urechis the Spear-Bearer (Merfolk Skald)            Turns: 6610, Time: 00:17:42

Health: -2/50      AC:  4    Str: 12    XL:     7   Next: 17%
Magic:  7/10       EV: 14    Int: 12    God:
Gold:   232        SH:  0    Dex: 15    Spells: 1 memorised, 9 levels left

rFire  + . .     SeeInvis .     r - +0 trident
rCold  x . .     Clarity  .     b - +0 leather armour
rNeg   . . .     SustAt   .     (no shield)
rPois  .         Gourm    .     (no helmet)
rElec  .         Spirit   .     (no cloak)
rCorr  .         Warding  .     v - +0 pair of gloves
rMut   .         Stasis   +     (no boots)
MR     +....                    i - amulet of stasis
Stlth  +.........               e - ring of protection from magic
                                n - ring of fire

@: very slightly contaminated, invisible, somewhat resistant to hostile
enchantments, very unstealthy
A: change form in water, swift swim
a: no special abilities


You were on level 4 of the Dungeon.
You were hungry.

You visited 1 branch of the dungeon, and saw 4 of its levels.

You collected 232 gold pieces.

Inventory:

Hand weapons
 r - a +0 trident (weapon)
Missiles
 t - 2 throwing nets (quivered)
Armour
 b - a +0 leather armour (worn)
 v - a +0 pair of gloves (worn)
Jewellery
 e - a ring of protection from magic (right hand)
 i - an amulet of stasis (around neck)
 n - a ring of fire (left hand)
 C - an uncursed amulet of guardian spirit {unknown}
Scrolls
 a - a scroll of amnesia {unknown}
 g - 7 scrolls of identify {unknown}
 h - a scroll of immolation {unknown}
 m - a scroll of enchant armour {unknown}
 q - a scroll of enchant weapon {unknown}
 w - a scroll of blinking {unknown}
 y - a scroll of teleportation {unknown}
 A - a scroll of remove curse {unknown}
 B - 2 scrolls of magic mapping {unknown}
Potions
 p - a potion of haste {unknown}
 u - a potion of heal wounds {unknown}
Books
 c - a book of Battle

   Spells                             Type                      Level
   a - Infusion                       Charms                       1
   b - Shroud of Golubria             Charms/Translocation         2
   c - Song of Slaying                Charms                       2
   d - Spectral Weapon                Hexes/Charms                 3
   e - Regeneration                   Charms/Necromancy            3
Comestibles
 d - 4 bread rations
 f - 2 meat rations
 l - 2 slices of pizza
 o - a fruit
 s - a beef jerky
 x - a royal jelly


   Skills:
 - Level 2.1 Fighting
 * Level 9.4 Polearms
 - Level 0.6 Armour
 - Level 5.0 Dodging
 - Level 2.0 Spellcasting
 - Level 3.2 Charms


You had 9 spell levels left.
You knew the following spells:

 Your Spells              Type           Power        Failure   Level  Hunger
a - Infusion              Chrm           #.....       12%         1    ##.....


Dungeon Overview and Level Annotations

Branches:
Dungeon (4/15)
 Temple: D:4-7

Altars:
Ashenzari
Nemelex Xobeh

Annotations:
D:3 Gruud's ghost, weakling DsNe
D:4 Edmund


Message History

Edmund says, "People accused me of being a cutpurse!"
Your magical contamination has completely faded away.
Drink which item? (? for menu, Esc to quit)
It was a potion of cure mutation.
It has a very clean taste.
Edmund hits you with a flail of protection.
* * * LOW HITPOINT WARNING * * *
Drink which item? (? for menu, Esc to quit)
It was a potion of invisibility.
You fade into invisibility!
Edmund says, "People will remember me!
They'll remember me and die!"
Edmund completely misses you.
You are very lightly contaminated with residual magic.
All of the chunks of flesh in your inventory have rotted away.
A goblin comes into view. It is wielding a club.
The goblin shouts!
The goblin barely misses you.
You puncture the goblin!
You kill the goblin!
Edmund hits you with a flail of protection.
You die...

.... o.## .# .# #^
#########.### #(§######
##.([##..(.... ^^≈.....#####
#.###.........
............#######.#
#......##.
^.#.##)###...)@@...###.#...####
#.# ##########...###.## #.#
##.####.# ### #.# #.#...(###..
#.# #.#.#....... #.#
#.#....###.# ### #.# #.##.#.#
#.# ... #)# #.##.#.# #.# #.#
#.# #.##.#(###.#


You could see Edmund.

Vanquished Creatures
  Duvessa (D:4)
  Dowan (D:4)
  A scorpion (D:4)
  An orc priest (D:4)
  Terence (D:3)
  Natasha (D:4)
  4 gnolls
  7 adders
  An ooze (D:1)
  5 worms
  5 giant geckos
  11 orcs
  2 ball pythons
  7 bats
  A giant cockroach (D:2)
  8 goblins
  11 hobgoblins
  A quokka (D:4)
  A giant gecko skeleton (D:4)
  7 giant newts
  8 kobolds
  12 rats
97 creatures vanquished.

Notes
Turn   | Place    | Note
--------------------------------------------------------------
     0 | D:1      | urechis the Merfolk Skald began the quest for the Orb.
     0 | D:1      | Reached XP level 1. HP: 16/16 MP: 3/3
   213 | D:1      | Reached skill level 4 in Polearms
   213 | D:1      | Reached XP level 2. HP: 15/22 MP: 5/5
   489 | D:1      | You fall through a shaft!
   492 | D:2      | Found a sparkling altar of Nemelex Xobeh.
   693 | D:2      | Found a shattered altar of Ashenzari.
  1269 | D:2      | Reached skill level 5 in Polearms
  1269 | D:2      | Reached XP level 3. HP: 20/27 MP: 6/6
  2742 | D:1      | Reached XP level 4. HP: 33/33 MP: 7/7
  3227 | D:3      | Noticed Gruud's ghost (weakling DsNe)
  3750 | D:3      | Reached skill level 6 in Polearms
  4456 | D:2      | Reached XP level 5. HP: 31/38 MP: 8/8
  4743 | D:3      | Noticed Terence
  4773 | D:3      | Killed Terence
  4773 | D:3      | Reached skill level 7 in Polearms
  5169 | D:4      | Noticed Duvessa
  5185 | D:4      | Killed Duvessa
  5185 | D:4      | Reached XP level 6. HP: 4/44 MP: 0/9
  5438 | D:4      | Noticed Dowan
  5452 | D:4      | Killed Dowan
  5452 | D:4      | Reached skill level 8 in Polearms
  5583 | D:4      | Noticed Natasha
  5591 | D:4      | Killed Natasha
  6151 | D:4      | Reached skill level 5 in Dodging
  6151 | D:4      | Reached XP level 7. HP: 35/50 MP: 10/10
  6382 | D:4      | Reached skill level 9 in Polearms
  6571 | D:4      | Noticed Edmund
  6602 | D:4      | HP: 2/50 [Edmund/flail of protection (4)]
  6610 | D:4      | Slain by Edmund

Vault maps used:
D:1:      roderic_dead_forest
D:2:      grunt_temple_overflow_open, first_bread, minmay_misc_feat_room,
          kennysheep_pointless_box
D:3:      uniq_terence
D:4:      grunt_qazlal_sundering, uniq_duvessa, uniq_natasha, uniq_edmund

Action                   |  1- 3 |  4- 6 |  7- 9 || total
-------------------------+-------+-------+-------++-------
Melee: Spear             |   175 |    70 |       ||   245
       Trident           |       |   170 |    54 ||   224
 Cast: Infusion          |     1 |    10 |     4 ||    15
  Use: Potion            |       |       |     2 ||     2
 Stab: Sleeping          |     4 |     3 |     1 ||     8
  Eat: Chunk             |     6 |    11 |     1 ||    18
